Workbook

Sheet MOTORISTA
A1: MOTORISTAS - Regime de Tributação: Lucro Real
A2: Pregão IFSul Câmpus Sapucaia do Sul nº 90001/2024 – PLANILHA DE CUSTOS E FORMAÇÃO DE PREÇOS DE REFERÊNCIA
A3: Nº do processo: | H3: 23164.000335.2024-36
A4: Licitação nº: | H4: 90001/2024
A5: Dia: | H5: 45491
A6: DISCRIMINAÇÃO DOS SERVIÇOS (DADOS REFERENTES À CONTRATAÇÃO)
A7: A | B7: Data de apresentação da proposta (dia/mês/ano) | H7: 45491
A8: B | B8: Município/UF | H8: SAPUCAIA DO SUL/RS
A9: C | B9: Ano do Acordo, Convenção ou Dissídio Coletivo | H9: SINDIRODOSUL-RS002738/2023
A10: D | B10: Número de meses de execução contratual | H10: 24
A11: IDENTIFICAÇÃO DO SERVIÇO
A13: 1. MÓDULOS Mão de obra Mão de obra vinculada à execução contratual
A15: Dados para composição dos custos referente à mão de obra
A16: 1 | B16: Tipo de Serviço (mesmo serviço com características distintas) | H16: Motorista
A17: 2 | B17: Classificação Brasileira de Ocupações (CBO) | H17: 7824-10
A18: 3 | B18: Salário Normativo da Categoria Profissional - para a jornada de 44 h/sem | H18: 3443.48
A19: 4 | B19: Categoria Profissional (vinculada à execução contratual) | H19: Motorista
A20: 5 | B20: Data-Base da Categoria (dia/mês/ano) | H20: 45078
A22: Módulo 1: Composição da Remuneração
A23: 1 | B23: Composição da Remuneração | H23: Percentual (R$) | J23: Valor (R$)
A24: A | B24: Salário-Base (valor para somente 1 (um) motorista - 44h/semanais) | J24: =H18 -> 3443.48
A25: B | B25: Adicional de Insalubridade | J25: =ROUND(I25*J24,2) -> 0
A26: Total | J26: =SUM(J24:J25) -> 3443.48
A28: Módulo 2 – Encargos e Benefícios Anuais, Mensais e Diários
A29: Submódulo 2.1 – 13º (décimo terceiro) Salário e Adicional de Férias
A30: 2.1 | B30: 13º (décimo terceiro) Salário e Adicional de Férias | J30: Valor (R$)
A31: A | B31: 13º (décimo terceiro) Salário Obrigatória a cotação de 8,33% sobre o valor do Módulo 1 – Composição da Remuneração, conforme Anexo XII da IN 5/17 | I31: 0.0833 | J31: =ROUND($J$26*I31,2) -> 286.84
A32: B | B32: Adicional de Férias Obrigatória a cotação de 3,025% sobre o valor do Módulo 1 – Composição da Remuneração, conforme Anexo XII da IN 5/17 (Férias + Adicional = 9,075% + 3,025% = 12,10%) | I32: 0.03025 | J32: =ROUND($J$26*I32,2) -> 104.17
A33: Total | J33: =SUM(J31+J32) -> 391.01
A34: C | B34: Incidência dos encargos do Submódulo 2.2 sobre o total do Submódulo 2.1 | J34: =ROUND(I47*J33,2) -> 143.89
A35: Total | J35: =J33+J34 -> 534.9
A37: Submódulo 2.2 - Encargos Previdenciários (GPS), Fundo de Garantia por Tempo de Serviço (FGTS) e outras contribuições
A38: 2.2 | B38: GPS, FGTS e outras contribuições | I38: Percentual (%) | J38: Valor (R$)
A39: A | B39: INSS | I39: 0.2 | J39: =ROUND($J$26*I39,2) -> 688.7
A40: B | B40: Salário Educação | I40: 0.025 | J40: =ROUND($J$26*I40,2) -> 86.09
A41: C | B41: RAT x FAP | E41: RAT = | F41: 0.03 | G41: FAP = | H41: 1 | I41: =ROUND((F41*H41),6) -> 0.03 | J41: =ROUND($J$26*I41,2) -> 103.3
A42: D | B42: SESC ou SESI | I42: 0.015 | J42: =ROUND($J$26*I42,2) -> 51.65
A43: E | B43: SENAC ou SENAI | I43: 0.01 | J43: =ROUND($J$26*I43,2) -> 34.43
A44: F | B44: SEBRAE | I44: 0.006 | J44: =ROUND($J$26*I44,2) -> 20.66
A45: G | B45: INCRA | I45: 0.002 | J45: =ROUND($J$26*I45,2) -> 6.89
A46: H | B46: FGTS | I46: 0.08 | J46: =ROUND($J$26*I46,2) -> 275.48
A47: Total | I47: =SUM(I39:I46) -> 0.368 | J47: =SUM(J39:J46) -> 1267.2
A49: Submódulo 2.3 – Benefícios Mensais e Diários
A50: 2.3 | B50: Benefícios Mensais e Diários | J50: Valor (R$)
A51: A | B51: Transporte Cálculo do valor: [(2xVTx22) – (6%xSB)] | J51: =IF(ROUND((I54*I52*I53)-(J24*0.06),2)<0,0,ROUND((I54*I52*I53)-(J24*0.06),2))*1+(I52*I53*21.726-0.06*J24)*0 -> 13.39
B52: A.1) Valor da passagem do transporte coletivo no município de prestação dos serviços: Decreto nº 4.953 de 03 de outubro de 2023 | I52: 5 | J52: -
B53: A.2) Quantidade de passagens por dia por empregado: | I53: 2
B54: A.3) Quantidade de dias do mês de recebimento de passagens | I54: 22
A55: B | B55: Auxílio-Refeição/Alimentação Cálculo do valor = [(22xVA)x(1-0,20)] | J55: =ROUND(I57*I56*(1-0.2),2)*1+ROUND(21.726*6*(1-0.2),2)*0 -> 521.31
B56: B.1) Valor do auxílio-alimentação (clausula 10 da CCT RS002738/2023 ): | I56: 29.62 | J56: -
B57: B.2) Quantidade de dias do mês de recebimento de auxílio-alimentação | I57: 22
A58: C | B58: Cesta Básica (cláusula 14 da CCT RS002738/2023) | I58: 191 | J58: =I58 -> 191
A59: D | B59: Seguro de Vida (cláusula 13 da CCT RS002738/2023) - Cálculo baseado na última contratação | J59: 18
A60: E | B60: Plano de Saúde (cláusula 12 da CCT RS002738/2023) - Valor baseado na última contratação - Cálculo do valor = [(VPS)x(1-0,20)] | I60: 207.21 | J60: =I60*(1-0.2) -> 165.768
A61: Total | J61: =SUM(J51:J60) -> 909.468
A63: Quadro-Resumo do Módulo 2 – Encargos e Benefícios Anuais, Mensais e Diários
A64: 2 | B64: Encargos e Benefícios Anuais, Mensais e Diários | J64: Valor (R$)
A65: 2.1 | C65: 13º (décimo terceiro) Salário e Adicional de Férias | J65: =J35 -> 534.9
A66: 2.2 | C66: GPS, FGTS e outras contribuições | J66: =J47 -> 1267.2
A67: 2.3 | C67: Benefícios Mensais e Diários | J67: =J61 -> 909.468
A68: Total | J68: =SUM(J65+J66+J67) -> 2711.568
A70: Módulo 3 - Provisão para Rescisão
A71: 3 | B71: Provisão para Rescisão | J71: Valor (R$)
A72: A | B72: Aviso Prévio Indenizado Aviso-prévio indenizado Cálculo do valor = [Rem1/24 + 13º/24 + Férias/24 + (1/3xFérias)/24] x (30/30=1) x 10% de rotatividade em um período de 24 meses - Os reflexos de 13º, F e 1/3F são referentes a 1 mês de APInd - Na prorrogação, poderão ser considerados 3 dias conforme Lei nº 12.506/2011, dependendo da análise do nº de ocorrências deste evento no período | J72: =ROUND((($J$26/24)+($J$31/24)+(J83/24)+($J$32/24))*(30/30)*0.1,2) -> 17.28
A73: B | B73: Incidência do FGTS sobre o Aviso Prévio Indenizado | J73: =ROUND($J$72*I46,2) -> 1.38
A74: C | B74: Aviso Prévio Trabalhado (negociar extinção/redução na 1ª prorrogação) Cálculo do valor= [(Rem/30)x7]/24 meses do contratox100% dos empregados - ao final do contrato | J74: =((J26/30)*7)/24 -> 33.478278
A75: D | B75: Incidência de GPS, FGTS e outras contribuições sobre o Aviso Prévio Trabalhado | J75: =ROUND(I47*J74,2) -> 12.32
A76: E | B76: Multa do FGTS sobre o Aviso Prévio Trabalhado e Indenizado - 4% sobre o valor do módulo 1 - Conforme IN nº 05/2017 SEGES | I76: 0.04 | J76: =ROUND($J$26*I76,2) -> 137.74
A77: Total | J77: =SUM(J72:J76) -> 202.19828
A79: Módulo 4 - Custo de Reposição do Profissional Ausente
A80: Base de cálculo para o Custo de Reposição do Profissional Ausente (substituto): BCCPA = Rem + 13º + Férias + 1/3Férias | J80: =J83+J26+J31+J32 -> 4146.99
A82: 4.1 | B82: Ausências Legais | J82: Valor (R$)
A83: A | B83: Férias | I83: 0.09075 | J83: =ROUND(($J$26*I83),2) -> 312.5
A84: B | B84: Ausências Legais Cálculo do valor = [(BCCPA/30)x2dias]/24 | J84: =ROUND((($J$80/30)*2)/24,2) -> 11.52
A85: C | B85: Licença-Paternidade Cálculo do valor = {[(BCCPA/30)x5dias]/24}x3,0% | J85: =ROUND((($J$80/30)*5)/24*0.03,2) -> 0.86
A86: D | B86: Ausência por acidente de trabalho Cálculo do valor = {[(BCCPA/30)x15dias]/24}x1,56% | J86: =ROUND(((($J$80/30)*15)/24)*0.0156,2) -> 1.35
A87: E | B87: Afastamento Maternidade Cálculo do valor = {[(Rem+1/3Rem)/24]x(4/12)}x4% | J87: =ROUND(((($J$26+$J$26/3)*4/12)/24)*0.04,2) -> 2.55 | K87: 2.55
A88: F | B88: (Outros) Ausência por doença Cálculo do valor = [(BCCPA)/30)x6dias]/24 | J88: =ROUND(((($J$80/30)*6)/24),2) -> 34.56 | K88: 57.6
A89: Total | J89: =SUM(J83:J88) -> 363.34
A90: G | B90: Incidência dos encargos do Submódulo 2.2 sobre o total do Submódulo 4.1 | J90: =ROUND(I47*J89,2) -> 133.71
A91: Total | J91: =SUM(J89:J90) -> 497.05
A92: Submódulo 4.2 – Intrajornada
A93: 4.2 | B93: Intrajornada | J93: Valor (R$)
A94: A | B94: Intervalo para repouso ou alimentação | J94: 0
A95: Total | J95: 0
A96: B | B96: Incidência dos encargos do Submódulo 2.2 sobre o total do Submódulo 4.2 | J96: =ROUND(I47*J95,2) -> 0
A97: Total | J97: =SUM(J95:J96) -> 0
A99: Quadro-Resumo do Módulo 4 – Custo de Reposição do Profissional Ausente
A100: 4 | B100: Custo de Reposição do Profissional Ausente | J100: Valor (R$)
A101: 4.1 | B101: Ausências Legais | J101: =J91 -> 497.05
A102: 4.2 | B102: Intrajornada | J102: =J97 -> 0
A103: Total | J103: =SUM(J101+J102) -> 497.05
A105: Módulo 5 – Insumos Diversos
A106: 5 | B106: Insumos diversos | J106: Valor (R$)
A107: A | B107: Uniformes | J107: =UNIFORMES!G28 -> 212.515
A108: B | B108: Materiais | J108: 0
A109: C | B109: Equipamentos | J109: =UNIFORMES!F26 -> 55.32
A110: D | B110: Outros (especificar) | J110: 0.00
A111: Total | J111: =SUM(J107:J110) -> 267.835
A113: Módulo 6 - Custos Indiretos, Lucro e Tributos
...

Sheet H.EXTRAS
A1: MOTORISTAS - Regime de Tributação: Lucro Real
A2: Pregão IFSul Câmpus Sapucaia do Sul nº 90001/2024 – PLANILHA DE SERVIÇOS EXTRAORDINÁRIOS
A3: Nº do processo: | H3: =MOTORISTA!H3 -> 23164.000335.2024-36
A4: Licitação nº: | H4: =MOTORISTA!H4 -> 90001/2024
A5: Dia: | H5: =MOTORISTA!H5 -> 45491
A6: DISCRIMINAÇÃO DOS SERVIÇOS (DADOS REFERENTES À CONTRATAÇÃO)
A7: A | B7: Data de apresentação da proposta (dia/mês/ano)
A8: B | B8: Município/UF | K8: =MOTORISTA!H8 -> SAPUCAIA DO SUL/RS
A9: C | B9: Ano do Acordo, Convenção ou Dissídio Coletivo | H9: SINDIRODOSUL - RS002738/2023 | K9: =MOTORISTA!H9 -> SINDIRODOSUL-RS002738/2023
A10: D | B10: Número de meses de execução contratual | K10: =MOTORISTA!H10 -> 24
A11: IDENTIFICAÇÃO DO SERVIÇO
A13: 1. MÓDULOS Mão de obra Mão de obra vinculada à execução contratual
A15: Dados para composição dos custos referente à mão de obra
A16: 1 | B16: Tipo de Serviço (mesmo serviço com características distintas) | K16: Motorista
A17: 2 | B17: Classificação Brasileira de Ocupações (CBO) | K17: 7824-10
A18: 3 | B18: Salário Normativo da Categoria Profissional - para a jornada de 44 h/sem | K18: =MOTORISTA!H18 -> 3443.48
A19: 4 | B19: Categoria Profissional (vinculada à execução contratual) | K19: Motorista
A20: 5 | B20: Data-Base da Categoria (dia/mês/ano) | K20: 45078
A22: Dados para composição dos custos referente aos serviços extraordinários | M22: Valor (R$)
A23: 1 | B23: Valor hora normal trabalhada | M23: =K18/220 -> 15.652182
A24: 2 | B24: Valor Hora extra 50% | M24: =M23*1.5 -> 23.478273
A25: 3 | B25: Valor Hora extra 100% | M25: =M23*2 -> 31.304364
A26: 4 | B26: Valor hora Noturna trabalhada (considerando a hora noturna reduzida) | M26: =M23*1.1428571 -> 17.888207
A28: Módulo 1: Composição da Remuneração dos Serviços Extraordinários | J28: H.E 50% | K28: H.E 100% | L28: H.E.N 50% | M28: H.E.N 100%
A29: 1 | B29: Composição da Remuneração | H29: Percentual (R$) | J29: Valor (R$) | K29: Valor (R$) | L29: Valor (R$) | M29: Valor (R$)
A30: A | B30: Valor-Base da Hora Extra (valor para somente 1 (um) motorista - 44h/semanais) | J30: =M24 -> 23.478273 | K30: =M25 -> 31.304364 | L30: =M26 -> 17.888207 | M30: =M26 -> 17.888207
B31: Adicional noturno (20%) | L31: =L30*20% -> 3.5776414 | M31: =M30*0.2 -> 3.5776414
B32: Valor da hora extra noturna | L32: =((L30+L31)*0.5+(L30+L31)) -> 32.198773 | M32: =((M30+M31)*2) -> 42.931697
A33: B | B33: Reflexos DSR Hora Extra | J33: =((J30/22)*4) -> 4.2687769 | K33: =((K30/22)*4) -> 5.6917025 | L33: =((L32/22)*4) -> 5.8543223 | M33: =((M32/22)*4) -> 7.8057631
A34: Total | J34: =SUM(J30:J33) -> 27.74705 | K34: =SUM(K30:K33) -> 36.996066 | L34: =SUM(L30:L33) -> 59.518944 | M34: =SUM(M30:M33) -> 72.203309
A36: Módulo 2 – Encargos e Benefícios Anuais, Mensais e Diários
A37: Submódulo 2.1 – 13º (décimo terceiro) Salário e Adicional de Férias
A38: 2.1 | B38: 13º (décimo terceiro) Salário e Adicional de Férias | J38: Valor (R$) | K38: Valor (R$) | L38: Valor (R$) | M38: Valor (R$)
A39: A | B39: 13º (décimo terceiro) Salário Obrigatória a cotação de 8,33% sobre o valor do Módulo 1 – Composição da Remuneração, conforme Anexo XII da IN 5/17 | I39: 0.0833 | J39: =ROUND($J$34*I39,2) -> 2.31 | K39: =ROUND($K$34*I39,2) -> 3.08 | L39: =ROUND($L$34*I39,2) -> 4.96 | M39: =ROUND($M$34*I39,2) -> 6.01
A40: B | B40: Adicional de Férias Obrigatória a cotação de 3,025% sobre o valor do Módulo 1 – Composição da Remuneração, conforme Anexo XII da IN 5/17 (Férias + Adicional = 9,075% + 3,025% = 12,10%) | I40: 0.03025 | J40: =ROUND($J$34*I40,2) -> 0.84 | K40: =ROUND($K$34*I40,2) -> 1.12 | L40: =ROUND($L$34*I40,2) -> 1.8 | M40: =ROUND($M$34*I40,2) -> 2.18
A41: Total | J41: =SUM(J39+J40) -> 3.15 | K41: =SUM(K39+K40) -> 4.2 | L41: =SUM(L39+L40) -> 6.76 | M41: =SUM(M39+M40) -> 8.19
A42: C | B42: Incidência dos encargos do Submódulo 2.2 sobre o total do Submódulo 2.1 | J42: =ROUND(I55*J41,2) -> 1.16 | K42: =ROUND(I55*K41,2) -> 1.55 | L42: =ROUND(I55*L41,2) -> 2.49 | M42: =ROUND(I55*M41,2) -> 3.01
A43: Total | J43: =J41+J42 -> 4.31 | K43: =K41+K42 -> 5.75 | L43: =L41+L42 -> 9.25 | M43: =M41+M42 -> 11.2
A45: Submódulo 2.2 - Encargos Previdenciários (GPS), Fundo de Garantia por Tempo de Serviço (FGTS) e outras contribuições
A46: 2.2 | B46: GPS, FGTS e outras contribuições | I46: Percentual (%) | J46: Valor (R$) | K46: Valor (R$) | L46: Valor (R$) | M46: Valor (R$)
A47: A | B47: INSS | I47: 0.2 | J47: =ROUND($J$34*I47,2) -> 5.55 | K47: =ROUND($K$34*I47,2) -> 7.4 | L47: =ROUND($L$34*I47,2) -> 11.9 | M47: =ROUND($M$34*I47,2) -> 14.44
A48: B | B48: Salário Educação | I48: 0.025 | J48: =ROUND($J$34*I48,2) -> 0.69 | K48: =ROUND($K$34*I48,2) -> 0.92 | L48: =ROUND($L$34*I48,2) -> 1.49 | M48: =ROUND($M$34*I48,2) -> 1.81
A49: C | B49: RAT x FAP | E49: RAT = | F49: 0.03 | G49: FAP = | H49: 1 | I49: =ROUND((F49*H49),6) -> 0.03 | J49: =ROUND($J$34*I49,2) -> 0.83 | K49: =ROUND($K$34*I49,2) -> 1.11 | L49: =ROUND($L$34*I49,2) -> 1.79 | M49: =ROUND($M$34*I49,2) -> 2.17
A50: D | B50: SESC ou SESI | I50: 0.015 | J50: =ROUND($J$34*I50,2) -> 0.42 | K50: =ROUND($K$34*I50,2) -> 0.55 | L50: =ROUND($L$34*I50,2) -> 0.89 | M50: =ROUND($M$34*I50,2) -> 1.08
A51: E | B51: SENAC ou SENAI | I51: 0.01 | J51: =ROUND($J$34*I51,2) -> 0.28 | K51: =ROUND($K$34*I51,2) -> 0.37 | L51: =ROUND($L$34*I51,2) -> 0.6 | M51: =ROUND($M$34*I51,2) -> 0.72
A52: F | B52: SEBRAE | I52: 0.006 | J52: =ROUND($J$34*I52,2) -> 0.17 | K52: =ROUND($K$34*I52,2) -> 0.22 | L52: =ROUND($L$34*I52,2) -> 0.36 | M52: =ROUND($M$34*I52,2) -> 0.43
A53: G | B53: INCRA | I53: 0.002 | J53: =ROUND($J$34*I53,2) -> 0.06 | K53: =ROUND($K$34*I53,2) -> 0.07 | L53: =ROUND($L$34*I53,2) -> 0.12 | M53: =ROUND($M$34*I53,2) -> 0.14
A54: H | B54: FGTS | I54: 0.08 | J54: =ROUND($J$34*I54,2) -> 2.22 | K54: =ROUND($K$34*I54,2) -> 2.96 | L54: =ROUND($L$34*I54,2) -> 4.76 | M54: =ROUND($M$34*I54,2) -> 5.78
A55: Total | I55: =SUM(I47:I54) -> 0.368 | J55: =SUM(J47:J54) -> 10.22 | K55: =SUM(K47:K54) -> 13.6 | L55: =SUM(L47:L54) -> 21.91 | M55: =SUM(M47:M54) -> 26.57
A57: Quadro-Resumo do Módulo 2 – Encargos e Benefícios Anuais, Mensais e Diários
A58: 2 | B58: Encargos e Benefícios Anuais, Mensais e Diários | J58: Valor (R$) | K58: Valor (R$) | L58: Valor (R$) | M58: Valor (R$)
A59: 2.1 | C59: 13º (décimo terceiro) Salário e Adicional de Férias | J59: =J43 -> 4.31 | K59: =K43 -> 5.75 | L59: =L43 -> 9.25 | M59: =M43 -> 11.2
A60: 2.2 | C60: GPS, FGTS e outras contribuições | J60: =J55 -> 10.22 | K60: =K55 -> 13.6 | L60: =L55 -> 21.91 | M60: =M55 -> 26.57
A61: Total | J61: =SUM(J59+J60) -> 14.53 | K61: =SUM(K59+K60) -> 19.35 | L61: =SUM(L59+L60) -> 31.16 | M61: =SUM(M59+M60) -> 37.77
A63: Módulo 3 - Provisão para Rescisão
A64: 3 | B64: Provisão para Rescisão | J64: Valor (R$) | K64: Valor (R$) | L64: Valor (R$) | M64: Valor (R$)
A65: A | B65: Aviso Prévio Indenizado Aviso-prévio indenizado Cálculo do valor = [Rem1/24 + 13º/24 + Férias/24 + (1/3xFérias)/24] x (30/30=1) x 10% de rotatividade em um período de 24 meses - Os reflexos de 13º, F e 1/3F são referentes a 1 mês de APInd - Na prorrogação, poderão ser considerados 3 dias conforme Lei nº 12.506/2011, dependendo da análise do nº de ocorrências deste evento no período | J65: =ROUND((($J$34/24)+($J$39/24)+(J34/24)+($J$40/24))*(30/30)*0.1,2) -> 0.24 | K65: =ROUND((($K$34/24)+($K$39/24)+(K34/24)+($K$40/24))*(30/30)*0.1,2) -> 0.33 | L65: =ROUND((($L$34/24)+($L$39/24)+(L34/24)+($L$40/24))*(30/30)*0.1,2) -> 0.52 | M65: =ROUND((($M$34/24)+($M$39/24)+($M$34/24)+($M$40/24))*(30/30)*0.1,2) -> 0.64
A66: B | B66: Incidência do FGTS sobre o Aviso Prévio Indenizado | J66: =J65*I54 -> 0.0192 | K66: =K65*I54 -> 0.0264 | L66: =L65*I54 -> 0.0416 | M66: =M65*I54 -> 0.0512
A67: C | B67: Aviso Prévio Trabalhado (negociar extinção/redução na 1ª prorrogação) Cálculo do valor= [(Rem/30)x7]/24 meses do contratox100% dos empregados - ao final do contrato | J67: =((J34/30)*7)/24 -> 0.26976298 | K67: =((K34/30)*7)/24 -> 0.35968398 | L67: =((L34/30)*7)/24 -> 0.5786564 | M67: =((M34/30)*7)/24 -> 0.70197661
A68: D | B68: Incidência de GPS, FGTS e outras contribuições sobre o Aviso Prévio Trabalhado | J68: =J67*I55 -> 0.099272777 | K68: =K67*I55 -> 0.1323637 | L68: =L67*I55 -> 0.21294555 | M68: =M67*I55 -> 0.25832739 | N68: Considerado provisionamento de 100%
A69: F | B69: Multa do FGTS sobre o Aviso Prévio Trabalhado e Indenizado - 4% sobre o valor do módulo 1 - Conforme IN nº 05/2017 SEGES | I69: 0.04 | J69: =ROUND($J$34*I69,2) -> 1.11 | K69: =ROUND($K$34*I69,2) -> 1.48 | L69: =ROUND($L$34*I69,2) -> 2.38 | M69: =ROUND($M$34*I69,2) -> 2.89
A70: Total | J70: =SUM(J65:J69) -> 1.7382358 | K70: =SUM(K65:K69) -> 2.3284477 | L70: =SUM(L65:L69) -> 3.733202 | M70: =SUM(M65:M69) -> 4.541504
A72: Módulo 6 - Custos Indiretos, Lucro e Tributos
A73: 6 | B73: Custos Indiretos, Lucro e Tributos | I73: Percentual (%) | J73: Valor (R$) | K73: Valor (R$) | L73: Valor (R$) | M73: Valor (R$)
A74: BASE DE CÁLCULO DOS CUSTOS INDIRETOS | I74: - | J74: =SUM(J34+J61+J70) -> 44.015285 | K74: =SUM(K34+K61+K70) -> 58.674514 | L74: =SUM(L34+L61+L70) -> 94.412146 | M74: =SUM(M34+M61+M70) -> 114.51481
A75: A | B75: Custos Indiretos | I75: 0.05 | J75: =ROUND(I75*J74,2) -> 2.2 | K75: =ROUND(I75*K74,2) -> 2.93 | L75: =ROUND(I75*L74,2) -> 4.72 | M75: =ROUND(I75*M74,2) -> 5.73
A76: BASE DE CÁLCULO DO LUCRO | I76: - | J76: =SUM(J34+J61+J70+J75) -> 46.215285 | K76: =SUM(K34+K61+K70+K75) -> 61.604514 | L76: =SUM(L34+L61+L70+L75) -> 99.132146 | M76: =SUM(M34+M61+M70+M75) -> 120.24481
A77: B | B77: Lucro | I77: 0.0679 | J77: =ROUND(I77*J76,2) -> 3.14 | K77: =ROUND(I77*K76,2) -> 4.18 | L77: =ROUND(I77*L76,2) -> 6.73 | M77: =ROUND(I77*M76,2) -> 8.16
A78: BASE DE CÁLCULO DOS TRIBUTOS | I78: - | J78: =SUM(J34+J61+J70+J75+J77) -> 49.355285 | K78: =SUM(K34+K61+K70+K75+K77) -> 65.784514 | L78: =SUM(L34+L61+L70+L75+L77) -> 105.86215 | M78: =SUM(M34+M61+M70+M75+M77) -> 128.40481
A79: C | B79: Tributos | I79: - | J79: - | K79: - | L79: - | M79: -
B80: C.1 Tributos Federais (especificar) | I80: - | J80: - | K80: - | L80: - | M80: -
B81: a) Cofins (depende do regime de tributação - utilizada a hipótese de Lucro Real) | I81: 0.076 | J81: =ROUND(($J$78/(1-$I$90))*I81,2) -> 4.23 | K81: =ROUND(($K$78/(1-$I$90))*I81,2) -> 5.63 | L81: =ROUND(($L$78/(1-$I$90))*I81,2) -> 9.07 | M81: =ROUND(($M$78/(1-$I$90))*I81,2) -> 11
B82: b) PIS (depende do regime de tributação - utilizada a hipótese de Lucro Real) | I82: 0.0165 | J82: =ROUND(($J$78/(1-$I$90))*I82,2) -> 0.92 | K82: =ROUND(($K$78/(1-$I$90))*I82,2) -> 1.22 | L82: =ROUND(($L$78/(1-$I$90))*I82,2) -> 1.97 | M82: =ROUND(($M$78/(1-$I$90))*I82,2) -> 2.39
B83: c) IRPJ | I83: - | J83: - | K83: - | L83: - | M83: -
B84: d) CSLL | I84: - | J84: - | K84: - | L84: - | M84: -
B85: C.2 Tributos Estaduais (especificar) | I85: - | J85: - | K85: - | L85: - | M85: -
B86: C.3 Tributos Municipais (especificar): | I86: - | J86: - | K86: - | L86: - | M86: -
B87: a) ISS (Município de Sapucaia do Sul) - ALTERADA ALÍQUOTA CONFORME LEGISLAÇÃO DE SAPUCAIA DO SUL) | I87: 0.02 | J87: =ROUND(($J$78/(1-$I$90))*I87,2) -> 1.11 | K87: =ROUND(($K$78/(1-$I$90))*I87,2) -> 1.48 | L87: =ROUND(($L$78/(1-$I$90))*I87,2) -> 2.39 | M87: =ROUND(($M$78/(1-$I$90))*I87,2) -> 2.89
A88: Total | J88: =SUM(J75+J77+J81+J82+J87) -> 11.6 | K88: =SUM(K75+K77+K81+K82+K87) -> 15.44 | L88: =SUM(L75+L77+L81+L82+L87) -> 24.88 | M88: =SUM(M75+M77+M81+M82+M87) -> 30.17
A90: Percentual Total e Valor Total de Tributos | I90: =SUM(I81:I87) -> 0.1125 | J90: =SUM(J81:J87) -> 6.26
A91: Cálculo dos Tributos | D91: Base de Cálculo para os Tributos
D92: = ( ---------------------------------------------------------------- ) x Alíquota do Tributo
D93: 1 - (Total de Tributos em % dividido por 100)
A95: 2. QUADRO-RESUMO DO CUSTO POR EMPREGADO
A96: Mão de obra vinculada à execução contratual (valor por empregado) | J96: Valor (R$) | K96: Valor (R$) | L96: Valor (R$) | M96: Valor (R$)
A97: A | B97: Módulo 1 - Composição da Remuneração | J97: =J34 -> 27.74705 | K97: =K34 -> 36.996066 | L97: =L34 -> 59.518944 | M97: =M34 -> 72.203309
A98: B | B98: Módulo 2 – Encargos e Benefícios Anuais, Mensais e Diários | J98: =J61 -> 14.53 | K98: =K61 -> 19.35 | L98: =L61 -> 31.16 | M98: =M61 -> 37.77
A99: C | B99: Módulo 3 – Provisão para Rescisão | J99: =J70 -> 1.7382358 | K99: =K70 -> 2.3284477 | L99: =L70 -> 3.733202 | M99: =M70 -> 4.541504
A100: Subtotal (A + B + C + D + E) | J100: =SUM(J97:J99) -> 44.015285 | K100: =SUM(K97:K99) -> 58.674514 | L100: =SUM(L97:L99) -> 94.412146 | M100: =SUM(M97:M99) -> 114.51481
A101: F | B101: Módulo 6 - Custos Indiretos, Lucro e Tributos | J101: =J88 -> 11.6 | K101: =K88 -> 15.44 | L101: =L88 -> 24.88 | M101: =M88 -> 30.17
A102: Valor Total por Empregado | J102: =SUM(J100:J101) -> 55.615285 | K102: =SUM(K100:K101) -> 74.114514 | L102: =SUM(L100:L101) -> 119.29215 | M102: =SUM(M100:M101) -> 144.68481
A104: 3. QUADRO-RESUMO DO CUSTO MENSAL ESTIMATIVO DE SERVIÇOS EXTRAORDINÁRIOS
A105: Tipo de Serviço | C105: Descrição da H.E | E105: Valor por Hora | F105: Estimativa de Horas Extras | I105: Valor Total Estimado de Horas Extras | L105: Nº de Postos | M105: Valor Total (R$)
A106: Contratação de serviços continuados de motoristas | C106: Hora Extra 50% | E106: =J102 -> 55.615285 | F106: 25 | I106: =E106*F106 -> 1390.3821 | L106: 1 | M106: =I106*L106 -> 1390.3821
C107: Hora Extra 100% | E107: =K102 -> 74.114514 | F107: 16 | I107: =E107*F107 -> 1185.8322 | L107: 1 | M107: =I107*L107 -> 1185.8322 | N107: =SUM(F106:H109)*12 -> 564
C108: Hora Extra Noturna 50% | E108: =L102 -> 119.29215 | F108: 4 | I108: =E108*F108 -> 477.16858 | L108: 1 | M108: =I108*L108 -> 477.16858
C109: Hora Extra Noturna 100% | E109: =M102 -> 144.68481 | F109: 2 | I109: =E109*F109 -> 289.36963 | L109: 1 | M109: =I109*L109 -> 289.36963
A110: VALOR MENSAL ESTIMADO DE SERVIÇOS EXTRAORDINÁRIOS | M110: =SUM(M106:M109) -> 3342.7526
A112: 4. QUADRO-RESUMO DO VALOR GLOBAL ESTIMATIVO DE SERVIÇOS EXTRAORDINÁRIOS
A113: Valor Global Estimado de Horas Extras e Adicionais | M113: =M110*24 -> 80226.061

Sheet DIÁRIAS
A1: MOTORISTAS - Regime de Tributação: Lucro Real
A2: Pregão IFSul Câmpus Sapucaia do Sul nº 90001/2024 – PLANILHA DE DIÁRIAS
A3: Nº do processo: | H3: =MOTORISTA!H3 -> 23164.000335.2024-36
A4: Licitação nº: | H4: =MOTORISTA!H4 -> 90001/2024
A5: Dia: | H5: =MOTORISTA!H5 -> 45491
A6: DISCRIMINAÇÃO DOS SERVIÇOS (DADOS REFERENTES À CONTRATAÇÃO)
A7: A | B7: Data de apresentação da proposta (dia/mês/ano) | H7: =MOTORISTA!H7 -> 45491
A8: B | B8: Município/UF | H8: =MOTORISTA!H8 -> SAPUCAIA DO SUL/RS
A9: C | B9: Ano do Acordo, Convenção ou Dissídio Coletivo | H9: =MOTORISTA!H9 -> SINDIRODOSUL-RS002738/2023
A10: D | B10: Número de meses de execução contratual | H10: =MOTORISTA!H10 -> 24
A11: IDENTIFICAÇÃO DO SERVIÇO
A13: Dados para composição dos custos referente à mão de obra
A14: 1 | B14: Tipo de Serviço (mesmo serviço com características distintas) | H14: Motorista
A15: 2 | B15: Classificação Brasileira de Ocupações (CBO) | H15: 7824-10
A16: 3 | B16: Salário Normativo da Categoria Profissional - para a jornada de 44 h/sem | H16: =MOTORISTA!H18 -> 3443.48
A17: 4 | B17: Categoria Profissional (vinculada à execução contratual) | H17: Motorista
A18: 5 | B18: Data-Base da Categoria (dia/mês/ano) | H18: =MOTORISTA!H20 -> 45078
A20: Composição dos Valores de Diárias e Hospedagens
A21: 1 | B21: Composição da Diária | F21: Evento | G21: R$ CCT | H21: Quantidade Mensal | J21: Valor (R$)
A22: A | B22: Alimentação quando fora da sede (Cláusula 10 CCT RS002738/2023 ) | F22: Café | G22: 19.04 | H22: 8 | J22: =G22*H22 -> 152.32
F23: Almoço | G23: 28.23 | H23: 8 | J23: =G23*H23 -> 225.84
F24: Janta | G24: 28.23 | H24: 8 | J24: =G24*H24 -> 225.84
A25: B | B25: Hospedagem quando fora da sede (Cláusula 10 CCT RS002738/2023 ) | G25: 159.43 | H25: 4 | J25: =G25*H25 -> 637.72
B26: Valor total da diária sem hospedagem | G26: =SUM(G22:G24) -> 75.5 | H26: 4 | J26: =H26*G26 -> 302
B27: Valor total da diária com hospedagem | G27: =SUM(G22:G25) -> 234.93 | H27: 4 | J27: =H27*G27 -> 939.72
B28: Valor Estimativo Mensal do Contrato para Diárias | J28: =SUM(J22:J25) -> 1241.72
B29: Número de Meses do Contrato | I29: 24
A30: VALOR ESTIMATIVO GLOBAL DO CONTRATO PARA DIÁRIAS E HOSPEDAGENS | J30: =J28*I29 -> 29801.28

Sheet UNIFORMES
A1: MOTORISTA - Regime de Tributação: Lucro Real
A2: Pregão IFSul Câmpus Sapucaia do Sul nº 90001/2024 – PLANILHA DE EQUIPAMENTOS E UNIFORMES
A3: Nº do processo: | F3: =MOTORISTA!H3 -> 23164.000335.2024-36
A4: Licitação nº: | F4: =MOTORISTA!H4 -> 90001/2024
A5: Dia: | F5: =MOTORISTA!H5 -> 45491
A6: EQUIPAMENTOS | B6: Unidade | C6: Quantidade a disponibilizar | D6: Depreciação (em meses) | E6: Quantidade 24 MESES | F6: Valor Unitário | G6: Custo Anual
A7: Mensalidade de plano controle com no mínimo 15GB de dados e ligações ilimitadas para qualquer operadora do Brasil. | B7: mensalidade | C7: 1 | D7: 1 | E7: 24 | F7: 55.32 | G7: =E7*F7 -> 1327.68
A8: CUSTO 24 MESES DOS EQUIPAMENTOS PARA O CONTRATO | G8: =SUM(G7:G7) -> 1327.68
A9: CUSTO MENSAL DOS EQUIPAMENTOS PARA O CONTRATO | G9: =G8/24 -> 55.32
A11: UNIFORMES | B11: Unidade | C11: Quantidade 24 meses | D11: Valor Unitário | E11: Custo Anual
A12: Calça comprida tecido social/brim (leve), preta, numeração 30 ao 48, com ziper | B12: pç | C12: 8 | D12: 117.25 | E12: =C12*D12 -> 938
A13: Camisa social manga curta contendo o nome da Empresa impresso ou bordado. | B13: pç | C13: 8 | D13: 86.62 | E13: =C13*D13 -> 692.96
A14: Camisa social manga comprida contendo o nome da Empresa impresso ou bordado. | B14: pç | C14: 8 | D14: 100.05 | E14: =C14*D14 -> 800.4
A15: Jaqueta de nylon, impermeável, contendo nome da empresa impresso ou bordado, com forro interno. | B15: pç | C15: 2 | D15: 177.52 | E15: =C15*D15 -> 355.04
A16: Blusão grosso de lã de boa qualidade contendo nome da Empresa bordado ou impresso, gola “V”, ou redonda.bordado ou impresso, gola “V”, ou redonda. | B16: pç | C16: 4 | D16: 176.27 | E16: =C16*D16 -> 705.08
A17: Camiseta branca de algodão | B17: pç | C17: 8 | D17: 22.88 | E17: =C17*D17 -> 183.04
A18: Cinto para calça social, em couro sintético. | B18: pç | C18: 4 | D18: 72.66 | E18: =C18*D18 -> 290.64
A19: Par de meias sociais, cor preta. | B19: par | C19: 16 | D19: 14.06 | E19: =C19*D19 -> 224.96
A20: Par de Sapatos sociais, com solado de borracha, cor preta | B20: par | C20: 8 | D20: 113.78 | E20: =C20*D20 -> 910.24
A21: CUSTO 24 MESES DOS UNIFORMES PARA 1 MOTORISTA | E21: =SUM(E12:E20) -> 5100.36
A22: CUSTO MENSAL DOS UNIFORMES PARA 1 MOTORISTA | E22: =E21/24 -> 212.515
A25: QUADRO RESUMO | B25: CUSTO 24 MESES | D25: CUSTO MENSAL | F25: Custo Mensal por Funcionário
A26: EQUIPAMENTOS GERAIS | B26: =G8 -> 1327.68 | D26: =B26/24 -> 55.32 | F26: =D26/G32 -> 55.32
A28: UNIFORMES | C28: =E21 -> 5100.36 | D28: =C28/24 -> 212.515 | G28: =D28 -> 212.515
A30: TOTAIS | B30: =B26+C28 -> 6428.04 | D30: =D26+D28 -> 267.835 | G30: =SUM(F26:G28) -> 267.835
A32: Quantidade da mão de obra alocada na prestação dos serviços | G32: 1

Sheet RESUMO
A1: MOTORISTA - Regime de Tributação: Lucro Real
A2: Pregão IFSul Câmpus Sapucaia do Sul nº 90001/2024 – PLANILHA RESUMO
A3: Nº do processo: | F3: =MOTORISTA!H3 -> 23164.000335.2024-36
A4: Licitação nº: | F4: =MOTORISTA!H4 -> 90001/2024
A5: Dia: | F5: =MOTORISTA!H5 -> 45491
A6: DISCRIMINAÇÃO DOS SERVIÇOS (DADOS REFERENTES À CONTRATAÇÃO)
A7: A | B7: Data de apresentação da proposta (dia/mês/ano) | F7: =MOTORISTA!H7 -> 45491
A8: B | B8: Município/UF | F8: =MOTORISTA!H8 -> SAPUCAIA DO SUL/RS
A9: C | B9: Ano do Acordo, Convenção ou Dissídio Coletivo | F9: =MOTORISTA!H9 -> SINDIRODOSUL-RS002738/2023
A10: D | B10: Número de meses de execução contratual | F10: =MOTORISTA!H10 -> 24
A12: QUADRO DEMONSTRATIVO DO VALOR MENSAL DOS SERVIÇOS
B13: Tipo de serviço (A) | C13: Valor Proposto por Empregado (B) | D13: Qtde. de Empregados por Posto (C) | E13: Valor Proposto por Posto (D) = (B x C) | F13: Qtde. de Postos (E) | G13: Valor Total do Serviço (F) = (D x E)
A14: I | B14: Serviços de motoristas | C14: =MOTORISTA!J145 -> 8998.3213 | D14: 1 | E14: =C14*D14 -> 8998.3213 | F14: =MOTORISTA!G149 -> 1 | G14: =PRODUCT(E14:F14) -> 8998.3213
A15: II | B15: Serviços extraordinários | G15: =H.EXTRAS!M110 -> 3342.7526
A16: III | B16: Diárias e hospedagens | G16: =DIÁRIAS!J28 -> 1241.72
A17: Valor Mensal estimado dos Serviços | G17: =SUM(G14:G16) -> 13582.794
A19: QUADRO DEMONSTRATIVO DO VALOR GLOBAL DA PROPOSTA
A20: A | B20: Valor Global dos Serviços Continuados de Motoristas | G20: =G14*24 -> 215959.71
A21: B | B21: Valor Global dos Serviços Extraordinários (Horas Extras) | G21: =G15*24 -> 80226.061
A22: C | B22: Valor Global de Diárias e Hospedagens | G22: =G16*24 -> 29801.28
A23: VALOR GLOBAL ESTIMADO DA CONTRATAÇÃO (24 MESES) | G23: =SUM(G20:G22) -> 325987.05
